 Dungeon Crawl Stone Soup version 0.28.0 (webtiles) character file.

Game seed: 11127293055622905929

16 RighteousDevil the Slasher (level 2, -6/26 HPs)
             Began as a Minotaur Monk on Feb 13, 2022.
             Was the Champion of Ignis.
             Mangled by Sigmund (10 damage)
             ... on level 2 of the Dungeon.
             The game lasted 00:01:08 (1055 turns).

RighteousDevil the Slasher (Minotaur Monk)          Turns: 1055, Time: 00:01:09

Health: -6/26      AC:  3    Str: 15    XL:     2   Next: 41%
Magic:  1/1        EV: 12    Int:  7    God:    Ignis [******]
Gold:   55         SH:  0    Dex: 12    Spells: 1/1 levels left

rFire   + . .      SeeInvis .   a - +0 falchion
rCold   . . .      Faith    .   (no shield)
rNeg    . . .      Spirit   .   g - +0 leather armour
rPois   .          Reflect  .   (helmet restricted)
rElec   .          Harm     .   (no cloak)
rCorr   .          Rampage  .   (no gloves)
Will    .....                   (no boots)
Stlth   +.........              (no amulet)
HPRegen 0.08/turn               (no ring)
MPRegen 0.07/turn               (no ring)

@: no status effects
A: horns 2, retaliatory headbutt
a: Renounce Religion, Fiery Armour, Foxfire Swarm, Rising Flame


You were on level 2 of the Dungeon.
You worshipped Ignis.
Ignis was exalted by your worship.
You visited 1 branch of the dungeon, and saw 2 of its levels.

You collected 55 gold pieces.

Inventory:

Hand Weapons
 a - a +0 falchion (weapon)
Armour
 g - a +0 leather armour (worn)
Scrolls
 d - a scroll of enchant armour {unknown}
 e - 2 scrolls of immolation {unknown}
Potions
 c - a potion of magic {unknown}
 f - a potion of flight {unknown}


   Skills:
 - Level 3.6 Fighting
 + Level 4.7 Long Blades
 - Level 3.2 Dodging
 - Level 1.5 Stealth


You had one spell level left.
You didn't know any spells.
Your spell library was empty.

Dungeon Overview and Level Annotations

Branches:
Dungeon (2/15)

Altars:
Ignis

Annotations:
D:2 Sigmund


Innate Abilities, Weirdness & Mutations

You have a pair of horns on your head.
You reflexively headbutt those who attack you in melee.


Message History

You see here a +0 leather armour.
g - a +0 leather armour You start removing your armour.
You continue taking off your +0 robe. x4
You finish taking off your +0 robe.
You start putting on your armour.
You continue putting on your +0 leather armour. x5
You finish putting on your +0 leather armour.
Unknown command.
You drop a +0 robe.
(D) Dungeon
Where to? (Enter - D:1 @ (x,y), ? - help)
There is a stone staircase leading down here.
You climb downwards.
There is a stone staircase leading up here.
Unknown command.
A hobgoblin comes into view.
A hobgoblin is nearby!
The hobgoblin shouts!
Sigmund the Dreaded comes into view.
He is wielding a +0 scythe.
Sigmund shouts!
Sigmund closely misses you.
You slash Sigmund!
Sigmund is moderately wounded.
Sigmund flickers, as though insubstantial.
Sigmund hits you with a +0 scythe.
You hit Sigmund but do no damage. You headbutt Sigmund.
Sigmund is heavily wounded.
The hobgoblin barely misses you. x2
Sigmund mumbles some strange words.
Sigmund flickers and vanishes!
Deactivating autopickup; reactivate with Ctrl-A.
You slash the hobgoblin!
You kill the hobgoblin!
Something hits you.
No target in view!
You closely miss something. Your headbutt misses something. You miss something.
Something hits you!
* * * LOW HITPOINT WARNING * * *
You miss something. You headbutt something! Something hits you!
You die...

... ..# ##....
....#........#
....#..#.....#
#.....#.....#
#.....#.....#
.....#.....#
#####.{#†....#
.......@.#+#####
..##.#.#.#.....!
...#........
#####.#......
#.....#####
#.#...# #.#...#
#.#.....
#.#.#.###


There were no monsters in sight!

Vanquished Creatures
  3 ball pythons (D:1)
  5 bats (D:1)
  A giant cockroach (D:1)
  2 hobgoblins
  A quokka (D:1)
  2 frilled lizards (D:1)
  A kobold (D:1)
  A spectral kobold (D:1)
16 creatures vanquished.

Notes
Turn   | Place    | Note
-------+----------+-------------------------------------------
     0 | D:1      | RighteousDevil the Minotaur Monk began the quest for the
                  | Orb.
     0 | D:1      | Reached XP level 1. HP: 19/19 MP: 0/0
   157 | D:1      | Reached skill level 4 in Long Blades
   280 | D:1      | Reached XP level 2. HP: 18/26 MP: 1/1
   597 | D:1      | Found a faded altar of an unknown god.
   609 | D:1      | Prayed at the altar of an unknown god.
   609 | D:1      | Became a worshipper of Ignis, the Dying Flame
   609 | D:1      | Reached ****** piety under Ignis
  1047 | D:2      | Noticed Sigmund
  1055 | D:2      | Mangled by Sigmund

Illustrated notes

Levels and vault maps discovered:
D:1:      nzn_arrival_settlement, layout_basic,
          dreamdust_ecumenical_altar_drowned_temple
D:2:      layout_basic, uniq_sigmund

Skill      XL: |  1 |
---------------+----+-----
Long Blades    | 4 |  4.7
Fighting       | |  3.6
Dodging        | |  3.2
Stealth        | |  1.5

Action                   || total
-------------------------++-------
Melee: Falchion          ||    35
       Headbutt          ||     3
 Stab: Sleeping          ||     2
Armor: Robe              ||    10
Dodge: Dodged            ||    25
